[Event "January 2 Early 2024"]
[Site "https://www.chess.com"]
[Date "2024.01.02"]
[Round "3"]
[White "Yagupov, Igor"]
[Black "Astafurov, Arseniy"]
[Result "1/2-1/2"]
[Board "122"]
[TimeControl "180+1"]
[WhiteFideId "4113632"]
[BlackFideId "24175218"]
[WhiteElo "2618"]
[BlackElo "2398"]
[WhiteTeam "RUS"]
[BlackTeam "RUS"]
[WhiteClock "0:00:04"]
[BlackClock "0:00:08"]

1. e4 e6 2. d4 d5 3. Bd3 dxe4 4. Bxe4 Nf6 5. Bf3 c5 6. Ne2 Nc6 7. Be3 cxd4 8. Nxd4 Ne5 9. Nc3 a6 10. Qe2 Nxf3+ 11. Qxf3 Bb4 12. Ne2 O-O 13. O-O Qc7 14. Bg5 Be7 15. Rfd1 Bd7 16. Nd4 Rfe8 17. a3 Rad8 18. h3 Qb6 19. Nb3 Bc6 20. Qe3 Qxe3 21. Bxe3 Ne4 22. Ne2 Bd5 23. Na5 Rc8 24. Rac1 Bd8 25. c4 Bxa5 26. cxd5 Rxc1 27. Nxc1 Rd8 28. f3 Ng3 29. Kf2 Nf5 30. g4 Nxe3 31. Kxe3 exd5 32. Kd3 Kf8 33. Ne2 Re8 34. Nf4 Re5 35. Kc2 Re3 36. Rd3 Rxd3 37. Kxd3 Ke7 38. Nxd5+ Kd6 39. Ne3 Bd8 40. Nf5+ Ke5 41. Nxg7 Kf4 42. Ke2 Kg3 43. Nf5+ Kxh3 44. Nd6 b6 45. Nxf7 Bf6 46. b3 Kg3 47. a4 Kf4 48. Nd6 Be5 49. Nc4 Bd4 50. Nd2 b5 51. axb5 axb5 52. Ne4 b4 53. Nf2 Kg3 54. Nd3 Bc3 55. Nc5 Kf4 56. Ne6+ Ke5 57. Ng5 Kd4 58. Nxh7 Bb2 59. g5 Kc3 60. f4 Kxb3 61. f5 Kc2 62. f6 b3 63. g6 Be5 64. g7 b2 65. g8=Q b1=Q 66. Qg6+ Kb2 67. Qxb1+ Kxb1 68. f7 Bd6 69. Kd3 Kb2 70. Kd4 Kc2 71. Kd5 Bb4 72. Ke6 Kd3 73. Nf6 Bf8 74. Kd7 Kd4 75. Ke8 Bg7 76. Nh5 Bh6 77. Ke7 Ke5 78. Nf6 Kf5 79. Ng8 Bg7 80. Ke8 Kg6 81. Ne7+ Kf6 82. Nd5+ Ke6 83. Ne3 Kf6 84. Ng4+ Ke6 85. Nh2 Kf6 86. Nf3 Ke6 87. Nh4 Kf6 88. Nf3 Ke6 89. Nd2 Kf6 90. Nc4 Ke6 91. Ne3 Kf6 92. Nd5+ Ke6 93. f8=Q Bxf8 1/2-1/2

[Event "January 2 Early 2024"]
[Site "https://www.chess.com"]
[Date "2024.01.02"]
[Round "3"]
[White "Avramidou, Anastasia"]
[Black "Nayak Rajesh"]
[Result "1-0"]
[Board "123"]
[TimeControl "180+1"]
[WhiteFideId "4239873"]
[BlackFideId "35017152"]
[WhiteElo "2614"]
[BlackElo "2380"]
[WhiteTeam "GRE"]
[BlackTeam "IND"]
[WhiteClock "0:00:48"]
[BlackClock "0:00:31"]

1. Nf3 Nf6 2. c4 g6 3. Nc3 Bg7 4. e4 d6 5. d4 O-O 6. h4 Bg4 7. Be2 Nc6 8. d5 Bxf3 9. Bxf3 Ne5 10. Be2 h5 11. f3 e6 12. Bg5 Qd7 13. O-O exd5 14. cxd5 c5 15. dxc6 bxc6 16. Qd2 Nh7 17. Bf4 Qe7 18. Rad1 Rad8 19. g3 Qe6 20. Kg2 Rd7 21. b3 Rfd8 22. Rfe1 d5 23. exd5 cxd5 24. Bb5 Rd6 25. Qe2 d4 26. Na4 Rd5 27. Bxe5 Rxe5 28. Qf1 Nf8 29. Bc4 Qd6 30. Nb2 Re3 31. Rxe3 dxe3 32. Rxd6 Rxd6 33. Nd3 Ne6 34. Bxe6 Rxe6 35. Qe2 Bd4 36. f4 f5 37. Kf3 Kf7 38. Ne5+ Kf6 39. Nc4 Bc5 40. a3 Bd4 41. b4 Kg7 42. a4 Kh6 43. a5 Re4 44. b5 Re6 45. Nxe3 1-0

[Event "January 2 Early 2024"]
[Site "https://www.chess.com"]
[Date "2024.01.02"]
[Round "3"]
[White "Miszler, Levente"]
[Black "Al-Tarboush, Ward"]
[Result "0-1"]
[Board "124"]
[TimeControl "180+1"]
[WhiteFideId "763276"]
[BlackFideId "7601450"]
[WhiteElo "2395"]
[BlackElo "2613"]
[WhiteTeam "HUN"]
[BlackTeam "NOR"]
[WhiteClock "0:00:30"]
[BlackClock "0:00:04"]

1. Nf3 Nf6 2. c4 b6 3. g3 Bb7 4. Bg2 c5 5. O-O g6 6. d4 cxd4 7. Qxd4 Bg7 8. Nc3 O-O 9. Qh4 d6 10. Bh6 Nbd7 11. Bxg7 Kxg7 12. Rac1 Rc8 13. Rfd1 Bxf3 14. Bxf3 Ne5 15. Bd5 e6 16. f4 Neg4 17. Bf3 Ne3 18. Rd3 Nf5 19. Qh3 Rxc4 20. Rcd1 Qc8 21. e4 Qc5+ 22. Kh1 Nd4 23. Bg2 e5 24. f5 b5 25. g4 g5 26. Qe3 h6 27. h4 Nxg4 28. Qg3 h5 29. hxg5 b4 30. Nd5 Ne2 31. f6+ Kg6 32. Qf3 Nf2+ 33. Kh2 Nf4 34. Nxf4+ exf4 35. Rd5 Qe3 36. Rg1 Rc2 37. Qxe3 fxe3 38. Rxd6 e2 39. Bf3 Ng4+ 40. Kg3 Ne5 41. Kf4 Nxf3 42. Kxf3 Re8 43. Rd3 Re5 44. Re3 Rxg5 45. Rxg5+ Kxg5 46. e5 Kg6 47. a3 b3 48. Ke4 Rxb2 49. Kd5 Rd2+ 50. Kc4 b2 0-1

[Event "January 2 Early 2024"]
[Site "https://www.chess.com"]
[Date "2024.01.02"]
[Round "3"]
[White "Assylov, Miras"]
[Black "Andersson, Bjorn 1960"]
[Result "0-1"]
[Board "125"]
[TimeControl "180+1"]
[WhiteFideId "13728873"]
[BlackFideId "1700545"]
[WhiteElo "2613"]
[BlackElo "2362"]
[WhiteTeam "KAZ"]
[BlackTeam "SWE"]
[WhiteClock "0:00:04"]
[BlackClock "0:00:06"]

1. b3 e5 2. Bb2 Nc6 3. e3 Nf6 4. Nf3 d6 5. d4 exd4 6. Nxd4 Nxd4 7. Qxd4 Be7 8. Be2 O-O 9. O-O Ne8 10. c4 Bf6 11. Qd2 Bf5 12. Nc3 g6 13. Nd5 Bxb2 14. Qxb2 c6 15. Nf4 Qf6 16. Qa3 Ng7 17. Rad1 Rfd8 18. Rd2 g5 19. Nd3 Bg6 20. Rfd1 a6 21. Qb2 Qxb2 22. Nxb2 Ne8 23. Na4 Kf8 24. Nb6 Rab8 25. a4 a5 26. Rb2 Ke7 27. b4 axb4 28. Rxb4 Nc7 29. Rb2 Na6 30. f3 Nc5 31. e4 f6 32. a5 Bf7 33. Kf2 Ne6 34. Ke3 Nf4 35. Bf1 h5 36. g3 Ne6 37. Rdb1 Nc5 38. Kd4 Ne6+ 39. Kc3 Nc5 40. Be2 Be6 41. Kd4 Bf7 42. Bd1 Ne6+ 43. Ke3 Nc5 44. Kd4 Bg6 45. Bc2 Ne6+ 46. Kc3 Nc5 47. Re1 Kf7 48. Ra1 Re8 49. Na4 Ne6 50. Rab1 Re7 51. Nb6 Nc5 52. Na4 Ne6 53. a6 b5 54. cxb5 cxb5 55. Rxb5 Rc8+ 56. Kd2 Rxc2+ 57. Kxc2 Nd4+ 58. Kd3 Nxb5 59. Rxb5 g4 60. Rb7 gxf3 61. Rxe7+ Kxe7 62. a7 f2 63. Ke2 Bxe4 64. Kxf2 Kd7 65. Nb6+ Kc7 66. a8=Q Bxa8 67. Nxa8+ Kb7 68. Ke3 Kxa8 69. Kf4 Kb7 70. Kf5 d5 71. h3 Kc6 72. g4 hxg4 73. hxg4 d4 74. Kxf6 d3 75. g5 d2 76. g6 d1=Q 77. g7 Qd8+ 78. Kf7 Qd7+ 79. Kf8 Qf5+ 80. Ke7 Qg6 81. Kf8 Qf6+ 82. Kg8 Kd7 83. Kh7 Qh4+ 84. Kg6 Qg4+ 85. Kh6 Ke7 86. Kh7 Kf7 87. g8=B+ Qxg8+ 88. Kh6 Qg6# 0-1

[Event "January 2 Early 2024"]
[Site "https://www.chess.com"]
[Date "2024.01.02"]
[Round "3"]
[White "Pullela, Sricharan"]
[Black "Manukian, Artak"]
[Result "0-1"]
[Board "126"]
[TimeControl "180+1"]
[WhiteFideId "30951089"]
[BlackFideId "13301373"]
[WhiteElo "2375"]
[BlackElo "2607"]
[WhiteTeam "USA"]
[BlackTeam "ARM"]
[WhiteClock "0:00:12"]
[BlackClock "0:00:26"]

1. d4 d5 2. c4 dxc4 3. e3 e5 4. Bxc4 exd4 5. exd4 Nf6 6. Ne2 Bd6 7. Nbc3 O-O 8. O-O Bg4 9. h3 Bh5 10. Bg5 h6 11. Bh4 Nbd7 12. Qd2 Re8 13. Bg3 Nb6 14. Bb3 Bxg3 15. Nxg3 Bg6 16. Rfe1 c6 17. Rxe8+ Qxe8 18. Re1 Qd7 19. Nge4 Nxe4 20. Nxe4 Bxe4 21. Rxe4 Re8 22. Rxe8+ Qxe8 23. Qf4 Nd5 24. Qe5 Qxe5 25. dxe5 Nf4 26. Bc2 Kf8 27. h4 Ke7 28. g3 Ne6 29. f4 Nd4 30. Bd1 c5 31. Kf2 Ke6 32. Ke3 Kd5 33. h5 b5 34. g4 a5 35. a3 c4 36. a4 b4 37. g5 hxg5 38. fxg5 Kxe5 39. Bg4 c3 40. bxc3 bxc3 41. Kd3 c2 42. Kd2 f5 43. h6 gxh6 44. gxh6 Kf6 45. Bxf5 Nxf5 46. Kxc2 Nxh6 47. Kc3 Nf5 48. Kc4 Nd6+ 49. Kc5 Ke5 50. Kc6 Nc4 51. Kc5 Nd6 52. Kc6 Kd4 53. Kb6 Nc4+ 54. Kb5 Kc3 55. Kc5 Kb3 56. Kb5 Kc3 57. Kc5 Kd3 58. Kb5 Kd4 59. Kc6 Nd2 60. Kb5 Nb3 61. Kc6 Kc4 62. Kb6 Kb4 63. Kc6 Kxa4 64. Kd5 Kb4 65. Ke4 Kc3 66. Kd5 a4 67. Ke4 a3 68. Ke3 a2 69. Ke4 a1=Q 70. Kd5 Qe1 71. Kd6 Qe3 72. Kc7 Qc5+ 73. Kd7 Qb6 74. Ke7 Kd4 75. Kf7 Ke5 76. Kg7 Qf6+ 77. Kh7 Qg5 78. Kh8 Kf6 79. Kh7 Qg7# 0-1

[Event "January 2 Early 2024"]
[Site "https://www.chess.com"]
[Date "2024.01.02"]
[Round "3"]
[White "Bernat, David"]
[Black "Luo, Terry"]
[Result "0-1"]
[Board "128"]
[TimeControl "180+1"]
[WhiteFideId "2099225"]
[BlackFideId "30931045"]
[WhiteElo "2357"]
[BlackElo "2604"]
[WhiteTeam "USA"]
[BlackTeam "USA"]
[WhiteClock "0:00:01"]
[BlackClock "0:01:33"]

1. c4 g6 2. Nc3 Bg7 3. g3 Nf6 4. Bg2 O-O 5. e4 d6 6. Nge2 c5 7. O-O Nc6 8. d3 a6 9. h3 Ne8 10. Be3 b5 11. cxb5 axb5 12. d4 b4 13. Nd5 c4 14. Qc2 Ba6 15. a3 b3 16. Qd2 Nc7 17. Nec3 Nxd5 18. Nxd5 e6 19. Nc3 Ne7 20. d5 exd5 21. Nxd5 Nxd5 22. exd5 c3 23. bxc3 Bxf1 24. Bxf1 Qa5 25. Bd4 Bxd4 26. Qxd4 b2 27. Rb1 Qxa3 28. Bd3 Rfc8 29. c4 Rab8 30. h4 Qc5 31. Qf6 Rb3 32. Bc2 Qxc4 33. Bxb3 Qc1+ 34. Rxc1 bxc1=Q+ 35. Kg2 Qc3 36. Bd1 Qxf6 0-1

[Event "January 2 Early 2024"]
[Site "https://www.chess.com"]
[Date "2024.01.02"]
[Round "3"]
[White "Lima, Artur Tin Lun Dai"]
[Black "Toman, Ondrej"]
[Result "0-1"]
[Board "129"]
[TimeControl "180+1"]
[WhiteFideId "22773150"]
[BlackFideId "344516"]
[WhiteElo "2352"]
[BlackElo "2600"]
[WhiteTeam "BRA"]
[BlackTeam "CZE"]
[WhiteClock "0:00:11"]
[BlackClock "0:00:08"]

1. e4 c6 2. Nf3 d5 3. Nc3 Bg4 4. h3 Bxf3 5. Qxf3 e6 6. Be2 Nd7 7. d4 Bb4 8. a3 dxe4 9. Qxe4 Bxc3+ 10. bxc3 Ne7 11. O-O O-O 12. Bd3 Nf6 13. Qh4 Ng6 14. Qg3 Qb8 15. Qg5 Qd6 16. f4 Rfe8 17. Bd2 Qd5 18. f5 exf5 19. Rxf5 Qd6 20. Rb1 Re7 21. a4 Rae8 22. Bf4 Nxf4 23. Rxf4 h6 24. Qf5 Qe6 25. Qxe6 Rxe6 26. Rxb7 R8e7 27. Rb8+ Re8 28. Rb7 R8e7 29. Rb3 Nd5 30. Rf1 g5 31. Rb8+ Kg7 32. Rb3 Re3 33. a5 Nf4 34. Bc4 Rg3 35. Rf2 Nxh3+ 36. Kh2 Nxf2 37. Kxg3 Ne4+ 38. Kf3 Nd2+ 39. Kg3 Nxc4 40. Rb4 Nxa5 41. Ra4 Nb7 42. Rxa7 Kf6 43. Ra6 Nd8 44. c4 Kf5 45. d5 cxd5 46. cxd5 Rc7 47. Rxh6 Rc3+ 48. Kh2 Rxc2 49. Rd6 Rc8 50. Rd7 f6 51. Kg3 Kg6 52. Kg4 Nf7 53. g3 Ne5+ 0-1

[Event "January 2 Early 2024"]
[Site "https://www.chess.com"]
[Date "2024.01.02"]
[Round "3"]
[White "Bueno, Alfeu Junior Varela"]
[Black "Maltsevskaya, Aleksandra"]
[Result "0-1"]
[Board "130"]
[TimeControl "180+1"]
[WhiteFideId "2108879"]
[BlackFideId "24174041"]
[WhiteElo "2349"]
[BlackElo "2600"]
[WhiteTeam "BRA"]
[BlackTeam "POL"]
[WhiteClock "0:00:00"]
[BlackClock "0:00:14"]

1. e4 c5 2. Nc3 Nc6 3. f4 g6 4. Nf3 Bg7 5. Bb5 d6 6. Bxc6+ bxc6 7. d3 Nf6 8. O-O O-O 9. Qe1 c4 10. dxc4 a5 11. Rb1 a4 12. Kh1 Bg4 13. Qh4 Bxf3 14. Rxf3 h5 15. f5 Qa5 16. Qg5 Qc5 17. fxg6 Ng4 18. Qxc5 dxc5 19. gxf7+ Rxf7 20. Rxf7 Kxf7 21. h3 Ne5 22. b3 Nxc4 23. Nxa4 Bd4 24. Bf4 Na3 25. Rc1 c4 26. c3 Ba7 27. Rf1 Ke6 28. Bc1 Nb5 29. bxc4 Nd6 30. Nb2 Bb6 0-1

[Event "January 2 Early 2024"]
[Site "https://www.chess.com"]
[Date "2024.01.02"]
[Round "3"]
[White "Palczert, Matyas"]
[Black "Pavlidou, Ekaterini"]
[Result "1-0"]
[Board "131"]
[TimeControl "180+1"]
[WhiteFideId "784958"]
[BlackFideId "4213262"]
[WhiteElo "2591"]
[BlackElo "2346"]
[WhiteTeam "HUN"]
[BlackTeam "GRE"]
[WhiteClock "0:00:18"]
[BlackClock "0:00:17"]

1. d4 Nf6 2. Nc3 d5 3. e4 dxe4 4. f3 e3 5. Bxe3 Bf5 6. g4 Bg6 7. Qd2 e6 8. O-O-O Bb4 9. a3 Ba5 10. b4 Bb6 11. Nge2 c6 12. h4 h5 13. Nf4 hxg4 14. Nxg6 fxg6 15. Bd3 Nbd7 16. Bxg6+ Kf8 17. fxg4 a5 18. b5 Qe7 19. Kb2 cxb5 20. g5 b4 21. Na4 bxa3+ 22. Ka2 Bd8 23. gxf6 Nxf6 24. d5 Kg8 25. d6 Qd7 26. Qd4 b6 27. h5 Nd5 28. Rdf1 Bf6 29. Rxf6 gxf6 30. Rg1 Kf8 31. Nxb6 Qb5 32. Nxd5 exd5 33. Qxf6+ 1-0

[Event "January 2 Early 2024"]
[Site "https://www.chess.com"]
[Date "2024.01.02"]
[Round "3"]
[White "Weishaeutel, Moritz"]
[Black "Lira, Suan Bruno Fernandes"]
[Result "1-0"]
[Board "132"]
[TimeControl "180+1"]
[WhiteFideId "12967300"]
[BlackFideId "22794620"]
[WhiteElo "2583"]
[BlackElo "2343"]
[WhiteTeam "GER"]
[BlackTeam "BRA"]
[WhiteClock "0:00:18"]
[BlackClock "0:00:02"]

1. d4 d5 2. Bg5 Nf6 3. Nf3 c5 4. e3 Nc6 5. c4 cxd4 6. exd4 e6 7. Nc3 Be7 8. Bd3 dxc4 9. Bxc4 O-O 10. O-O b6 11. Re1 Bb7 12. a3 Rc8 13. Ba2 Nd5 14. Bd2 Nxc3 15. Bxc3 Bf6 16. Qd3 Ne7 17. Rad1 Nd5 18. Bb1 g6 19. Bd2 Bg7 20. Bg5 Qd6 21. Bh4 Nf4 22. Qe3 Nd5 23. Qd2 Qf4 24. Qe2 Qg4 25. h3 Qf4 26. Bg3 Qf6 27. Qd2 Qe7 28. Ne5 Rfd8 29. Ba2 h6 30. Qe2 Qg5 31. Qf3 Rc7 32. Nxg6 Qxg6 33. Bxc7 Rd7 34. Bxd5 Bxd5 35. Qg3 Rxc7 36. Qxg6 fxg6 37. Rd2 Kf7 38. f3 Bf6 39. Kf2 Bh4+ 40. g3 Bg5 41. f4 Bf6 42. Ke3 Rc4 43. Red1 g5 44. Rd3 gxf4+ 45. gxf4 Rc8 46. Rc3 Rxc3+ 47. bxc3 Be7 48. Kd3 Bxa3 49. Ra1 Be7 50. Rxa7 Kf6 51. c4 Bc6 52. Ra6 Bg2 53. Rxb6 Bxh3 54. c5 Bf5+ 55. Ke3 h5 56. c6 Bd6 57. Rb7 h4 58. c7 Bxc7 59. Rxc7 h3 60. Rc8 Ke7 61. Rh8 Kd6 62. Kf3 Kd5 63. Rd8+ Kc4 64. Kg3 Kd3 65. d5 exd5 66. Rxd5+ Ke4 67. Re5+ Kd4 68. Rxf5 h2 69. Kxh2 Ke4 70. Rf8 1-0

[Event "January 2 Early 2024"]
[Site "https://www.chess.com"]
[Date "2024.01.02"]
[Round "3"]
[White "Lund, Gunnar"]
[Black "Jeran, Bostjan"]
[Result "1-0"]
[Board "133"]
[TimeControl "180+1"]
[WhiteFideId "1520814"]
[BlackFideId "14604612"]
[WhiteElo "2574"]
[BlackElo "2342"]
[WhiteTeam "NOR"]
[BlackTeam "SLO"]
[WhiteClock "0:00:21"]
[BlackClock "0:00:00"]

1. d4 d5 2. c4 c6 3. Nf3 Nf6 4. g3 g6 5. Bg2 Bg7 6. O-O O-O 7. Nc3 a6 8. Qb3 dxc4 9. Qxc4 Be6 10. Qa4 b5 11. Qc2 b4 12. Na4 Bd5 13. Nc5 Nbd7 14. e4 Nxc5 15. exd5 Ncd7 16. dxc6 Nb6 17. Bd2 Nfd5 18. Rfe1 Rc8 19. Rac1 e6 20. Ne5 Qd6 21. Qc5 Qxc5 22. dxc5 Na4 23. Bxd5 Bxe5 24. Bxe6 fxe6 25. Rxe5 Rxc6 26. b3 Nb2 27. Re3 Rd8 28. Bxb4 e5 29. Bc3 Nd3 30. Rd1 e4 31. b4 a5 32. a3 axb4 33. axb4 Rd5 34. Rxe4 Nxb4 35. Re8+ Kf7 36. Rde1 1-0

[Event "January 2 Early 2024"]
[Site "https://www.chess.com"]
[Date "2024.01.02"]
[Round "3"]
[White "Taboas Rodriguez, Daniel"]
[Black "Kleibel, Uwe"]
[Result "1/2-1/2"]
[Board "134"]
[TimeControl "180+1"]
[WhiteFideId "2208466"]
[BlackFideId "1270982"]
[WhiteElo "2573"]
[BlackElo "2342"]
[WhiteTeam "ESP"]
[BlackTeam "GER"]
[WhiteClock "0:00:31"]
[BlackClock "0:00:14"]

1. d4 d5 2. Nf3 Nf6 3. c4 e6 4. Nc3 Be7 5. Bg5 O-O 6. e3 b6 7. Bd3 Bb7 8. O-O Nbd7 9. Qe2 dxc4 10. Bxc4 c5 11. Rad1 Qc7 12. Bf4 Qc8 13. Nb5 a6 14. Nd6 Bxd6 15. Bxd6 Re8 16. dxc5 Nxc5 17. Ne5 b5 18. Bd3 Nxd3 19. Rxd3 Nd7 20. Rc3 Qd8 21. Rd1 Nxe5 22. Bxe5 Qg5 23. f4 Qg6 24. Rd7 Bd5 25. Rcc7 Rac8 26. Rxf7 Qxf7 27. Rxf7 Kxf7 28. Qh5+ Kg8 29. Qg5 Rc1+ 30. Kf2 Rc2+ 31. Ke1 Rxg2 32. Qh5 Rc8 33. Kd1 Bxa2 34. Bc3 b4 35. Qa5 Bb3+ 36. Ke1 bxc3 37. bxc3 Bd5 38. e4 Bxe4 39. Qxa6 Re8 40. Qa4 Rb8 41. Qxe4 Rbb2 42. Qxe6+ Kf8 43. Qd6+ Kf7 44. Qd5+ Kf8 45. Qd6+ Kf7 46. Qd7+ Kf6 47. Qd6+ Kf7 1/2-1/2

[Event "January 2 Early 2024"]
[Site "https://www.chess.com"]
[Date "2024.01.02"]
[Round "3"]
[White "Roberson, Peter T"]
[Black "Preobrazhenskaya, Diana"]
[Result "1-0"]
[Board "135"]
[TimeControl "180+1"]
[WhiteFideId "412384"]
[BlackFideId "34270566"]
[WhiteElo "2565"]
[BlackElo "2341"]
[WhiteTeam "ENG"]
[BlackTeam "FID"]
[WhiteClock "0:00:04"]
[BlackClock "0:00:02"]

1. b3 e5 2. Bb2 Nc6 3. e3 d5 4. Bb5 Bd6 5. f4 Qe7 6. Nf3 Bg4 7. h3 Bxf3 8. Qxf3 Nf6 9. fxe5 Bxe5 10. Bxc6+ bxc6 11. Bxe5 Qxe5 12. Nc3 O-O 13. O-O-O Qd6 14. g4 Rfe8 15. Rdf1 Qd7 16. Qf5 Qe7 17. Rf4 Nd7 18. Rhf1 Rf8 19. g5 a5 20. h4 g6 21. Qg4 Ne5 22. Qg3 Qe6 23. h5 Rfb8 24. Rf6 Qe7 25. hxg6 fxg6 26. Na4 Qa3+ 27. Kb1 Nc4 28. Qxc7 Nxd2+ 29. Ka1 Nxf1 30. Rxf1 Rc8 31. Qf7+ Kh8 32. Qf6+ Kg8 33. Qe6+ Kh8 34. Qe5+ Kg8 35. Qe6+ Kh8 36. Qf6+ Kg8 37. Qf7+ Kh8 38. Nc3 Qc5 39. Qf6+ Kg8 40. Qe6+ Kh8 41. Qe5+ Kg8 42. Ne4 Qb6 43. Nf6+ Kh8 44. Nh5+ Kg8 45. Qg7# 1-0

[Event "January 2 Early 2024"]
[Site "https://www.chess.com"]
[Date "2024.01.02"]
[Round "3"]
[White "Ankerst, Mihael"]
[Black "Korchynskyi, Mykola"]
[Result "0-1"]
[Board "136"]
[TimeControl "180+1"]
[WhiteFideId "14602369"]
[BlackFideId "34138005"]
[WhiteElo "2327"]
[BlackElo "2561"]
[WhiteTeam "SLO"]
[BlackTeam "UKR"]
[WhiteClock "0:00:00"]
[BlackClock "0:00:04"]

1. e4 e6 2. d4 d5 3. Nc3 dxe4 4. Nxe4 Nd7 5. Nf3 Ngf6 6. Bd3 Nxe4 7. Bxe4 Nf6 8. Bd3 Be7 9. Qe2 O-O 10. Bg5 Qd5 11. Bh4 Bd7 12. O-O Bc6 13. c4 Qh5 14. Bg3 Bd6 15. Ne5 Qh6 16. Rfe1 Rad8 17. Red1 Nd7 18. Nxc6 bxc6 19. Be4 c5 20. d5 exd5 21. cxd5 Nf6 22. Bf3 Rb8 23. b3 Rfe8 24. Qa6 Nd7 25. Qxa7 Ne5 26. Be2 Ra8 27. Qb7 Reb8 28. Qxa8 Rxa8 29. a4 Qg6 30. Rd2 Qf6 31. Rb1 Ng6 32. Bb5 h5 33. Re1 h4 34. Bxd6 cxd6 35. Rde2 Kh7 36. Re3 Nf4 37. g3 Nh3+ 38. Kg2 Nxf2 39. Rf3 h3+ 40. Kxf2 Qd4+ 41. Kf1 f6 42. Bd3+ Kh6 43. Re4 Qa1+ 44. Re1 Qb2 45. Rf2 Qxb3 0-1

[Event "January 2 Early 2024"]
[Site "https://www.chess.com"]
[Date "2024.01.02"]
[Round "3"]
[White "Gajwa Ankit"]
[Black "Rogov, Matfey"]
[Result "1-0"]
[Board "137"]
[TimeControl "180+1"]
[WhiteFideId "5077834"]
[BlackFideId "44191308"]
[WhiteElo "2325"]
[BlackElo "2559"]
[WhiteTeam "IND"]
[BlackTeam "RUS"]
[WhiteClock "0:00:12"]
[BlackClock "0:00:14"]

1. e4 e5 2. Nf3 Nc6 3. Bb5 a6 4. Ba4 Nf6 5. O-O Be7 6. Re1 b5 7. Bb3 O-O 8. c3 d5 9. exd5 Nxd5 10. Nxe5 Nxe5 11. Rxe5 c6 12. d4 Bd6 13. Re1 Qh4 14. g3 Qh3 15. Be3 Bg4 16. Qd3 Rae8 17. Nd2 f5 18. Qf1 Qh5 19. f3 Bh3 20. Qd3 f4 21. Bf2 fxg3 22. hxg3 Kh8 23. Rxe8 Rxe8 24. Ne4 Nf4 25. gxf4 Qg6+ 26. Bg3 Bxf4 27. Kh2 Qh5 28. Rh1 Bf1+ 29. Kg1 Qxh1+ 30. Kxh1 Bxd3 31. Bxf4 Bxe4 32. fxe4 Rxe4 33. Be5 Re2 34. Be6 Rxb2 35. Bd7 b4 36. cxb4 Rc2 37. a4 Kg8 38. Be6+ Kf8 39. Bf5 Ra2 40. Bd6+ Ke8 41. a5 Rd2 42. Bc5 g6 43. Be6 h5 44. Bc4 g5 45. Bxa6 g4 46. Bc8 g3 47. a6 h4 48. a7 Ra2 49. Bb7 Ra1+ 50. Kg2 Ra2+ 51. Kf3 g2 52. d5 h3 53. a8=Q+ Rxa8 54. Bxa8 cxd5 55. Bxd5 Kd7 56. Kg3 g1=Q+ 57. Bxg1 Kd6 58. Bh1 h2 59. Bc5+ Kc7 60. Kxh2 Kb8 61. Kg3 Kc8 62. Kf4 Kb8 63. Ke5 Kc8 64. Kd6 Kb8 65. b5 Kc8 66. b6 Kb8 67. Bd5 Kc8 68. Kc6 Kb8 69. Bd6+ Kc8 70. Be6+ Kd8 71. b7 Ke8 72. b8=R# 1-0

[Event "January 2 Early 2024"]
[Site "https://www.chess.com"]
[Date "2024.01.02"]
[Round "3"]
[White "Poddubnyi, Viktor"]
[Black "Ezat, Mohamed"]
[Result "1-0"]
[Board "138"]
[TimeControl "180+1"]
[WhiteFideId "4141989"]
[BlackFideId "10600906"]
[WhiteElo "2324"]
[BlackElo "2558"]
[WhiteTeam "RUS"]
[BlackTeam "EGY"]
[WhiteClock "0:00:22"]
[BlackClock "0:00:06"]

1. e4 e5 2. f4 d5 3. exd5 exf4 4. Nf3 Nf6 5. c4 c6 6. d4 cxd5 7. Bxf4 Bb4+ 8. Nc3 O-O 9. Be2 Ne4 10. Qb3 Qa5 11. O-O Bxc3 12. bxc3 Qxc3 13. cxd5 Nd7 14. Rfc1 Qa5 15. Ne5 Ndf6 16. Bd3 Nd6 17. Nc6 bxc6 18. Bxd6 Re8 19. dxc6 Qg5 20. Re1 Be6 21. Bc4 Nd5 22. Bg3 Rab8 23. Bxb8 Qg4 24. Rad1 Qh5 25. Re5 Qg4 26. Bxd5 Bxd5 27. Rxe8# 1-0

[Event "January 2 Early 2024"]
[Site "https://www.chess.com"]
[Date "2024.01.02"]
[Round "3"]
[White "Ginzburg, Yakov"]
[Black "Zampronha, Wladimir Camilo"]
[Result "1-0"]
[Board "139"]
[TimeControl "180+1"]
[WhiteFideId "4157176"]
[BlackFideId "2103087"]
[WhiteElo "2556"]
[BlackElo "2318"]
[WhiteTeam "RUS"]
[BlackTeam "BRA"]
[WhiteClock "0:00:40"]
[BlackClock "0:01:50"]

1. d4 Nf6 2. Nf3 e6 3. g3 c5 4. c4 cxd4 5. Nxd4 d6 6. Bg2 a6 7. O-O Be7 8. Nc3 O-O 9. b3 Qc7 10. Bb2 Nbd7 11. Rc1 Re8 12. Qd2 Nc5 13. Rfd1 Bd7 14. Qc2 Bc6 15. Nxc6 bxc6 16. b4 Ncd7 17. b5 Ne5 18. Ne4 axb5 19. Bxe5 dxe5 20. Nxf6+ Bxf6 21. cxb5 Red8 22. bxc6 Rd4 23. e3 Rda4 24. Rd7 Qa5 25. c7 Rc8 26. Bb7 Rxa2 27. Qc3 Qxc3 28. Rxc3 1-0

[Event "January 2 Early 2024"]
[Site "https://www.chess.com"]
[Date "2024.01.02"]
[Round "3"]
[White "Filippova, Margarita"]
[Black "Ahmad, Khagan"]
[Result "1/2-1/2"]
[Board "140"]
[TimeControl "180+1"]
[WhiteFideId "34199680"]
[BlackFideId "13431552"]
[WhiteElo "2302"]
[BlackElo "2555"]
[WhiteTeam "RUS"]
[BlackTeam "AZE"]
[WhiteClock "0:00:18"]
[BlackClock "0:00:03"]

1. e4 d5 2. exd5 Nf6 3. c4 c6 4. Qa4 Bd7 5. Qb3 cxd5 6. cxd5 Na6 7. d4 Qa5+ 8. Nc3 Nb4 9. Nf3 Rc8 10. Bd2 e6 11. dxe6 Bxe6 12. Qd1 a6 13. Be2 Nbd5 14. O-O Qb6 15. Qa4+ Bd7 16. Qb3 Qxb3 17. axb3 Bd6 18. Bc4 Nb6 19. Rfe1+ Kf8 20. Ne5 Nxc4 21. bxc4 Be6 22. b3 Bxe5 23. dxe5 Nd7 24. f4 g6 25. Nd5 Kg7 26. Be3 b5 27. Rec1 bxc4 28. bxc4 Rc6 29. Nb4 Rxc4 30. Nxa6 Ra8 31. Rxc4 Bxc4 32. Rd1 Rxa6 33. Rxd7 Ra1+ 34. Kf2 Ra2+ 35. Rd2 Rxd2+ 36. Bxd2 Kf8 37. Bb4+ Ke8 38. g3 Kd7 39. Ke3 h5 40. Kd4 Ba6 41. Bd6 Ke6 42. Ke4 Bb7+ 43. Ke3 Kf5 44. Kf2 Kg4 45. Kg1 Kh3 46. Be7 Bc6 47. Bh4 Bb7 48. Bd8 Bc6 49. Bh4 Ba8 50. Bd8 Bg2 51. Bh4 Bc6 52. Bd8 Bd5 53. Bc7 Bc4 54. Bd8 Bb5 55. Bh4 Ba4 56. Bf6 Kg4 57. Kg2 Bc6+ 58. Kg1 Kf3 59. Be7 Ke2 60. Bh4 Bb7 61. Bf6 Bc6 62. Bh4 Bb7 63. Bf6 Bc8 64. Bd8 Bh3 65. Bh4 Kf3 1/2-1/2

[Event "January 2 Early 2024"]
[Site "https://www.chess.com"]
[Date "2024.01.02"]
[Round "3"]
[White "Ivanova, Karina"]
[Black "Morgunov, Marc"]
[Result "1-0"]
[Board "141"]
[TimeControl "180+1"]
[WhiteFideId "24139750"]
[BlackFideId "1640305"]
[WhiteElo "2301"]
[BlackElo "2553"]
[WhiteTeam "RUS"]
[BlackTeam "AUT"]
[WhiteClock "0:01:59"]
[BlackClock "0:00:38"]

1. Nf3 Nf6 2. g3 b6 3. Bg2 Bb7 4. O-O g6 5. c4 Bg7 6. d4 O-O 7. Nc3 Ne4 8. Qc2 Nxc3 9. Qxc3 c5 10. Qd3 cxd4 11. Nxd4 Bxg2 12. Kxg2 d5 13. Be3 e5 14. Nb3 d4 15. Bd2 Nc6 16. e3 f5 17. exd4 e4 18. Qe2 Nxd4 19. Nxd4 Bxd4 20. Be3 Be5 21. f3 exf3+ 22. Qxf3 Qf6 23. Rab1 Bxb2 24. Qd5+ Kh8 25. Rxb2 Qxb2+ 26. Rf2 Qxf2+ 27. Bxf2 h5 28. Bd4+ Kh7 29. Qd7+ Kh6 30. Qg7+ Kg5 31. h4+ Kg4 32. Qxg6# 1-0